 Dungeon Sprint DCSS version 0.18-a0-1014-g3bbf375 (webtiles) character file.

1079 pipel the Cleaver (level 8, 0/130 HPs)
             Began as a Deep Dwarf Berserker on Jan 6, 2016.
             Was an Elder of Trog.
             Slain by a spiny frog (2 damage)
             ... while paralysed by a wasp
             ... in the Dungeon (Sprint II: "The Violet Keep of Menkaure").
             The game lasted 00:05:09 (383 turns).

pipel the Cleaver (Deep Dwarf Berserker)             Turns: 383, Time: 00:05:09

Health: 0/130      AC:  3    Str: 29    XL:     8   Next: 8%
Magic:  16/16      EV:  2    Int:  7    God:    Trog [****..]
Gold:   539        SH:  0    Dex: 12    Spells: 0 memorised, 7 levels left

rFire  . . .     SeeInvis .     a - +0 hand axe
rCold  . . .     Gourm    .     b - +0 animal skin
rNeg   . . .     Faith    .     (no shield)
rPois  .         Spirit   .     f - +0 helmet of Yredelemnul's Wrath {+Blink MR++ rCorr MP+9} (curse)
rElec  .         Dismiss  .     (no cloak)
rCorr  +         Reflect  .     (no gloves)
SustAt .         Harm     .     (no boots)
MR     +++..     NoTele   +     (no amulet)
Stlth  ..........               (no ring)
                                (no ring)

@: paralysed, berserking (expiring), lethally poisoned (0 -> -1),
non-regenerating, extremely resistant to hostile enchantments, extremely
unstealthy
A: damage resistance, recharge devices, sense surroundings 1, slow regeneration
3
a: Device Recharging, Berserk, Trog's Hand, Brothers in Arms, Burn Spellbooks,
Renounce Religion, Evoke Blink


You were in the Dungeon.
You worshipped Trog.
Trog was greatly pleased with you.
You were hungry.

You visited 1 branch You collected 729 gold pieces.
You spent 190 gold pieces at shops.

Inventory:

Hand Weapons
 a - a +0 hand axe (weapon)
Armour
 b - a +0 animal skin (worn)
 f - the cursed +0 helmet of Yredelemnul's Wrath (worn) {+Blink MR++ rCorr MP+9}
   (You bought it in a shop in the Dungeon)

   It affects your resistance to hostile enchantments.
   It affects your magic capacity (+9).
   It lets you blink.
   It protects you from acid and corrosion.
   It has a curse placed upon it.
Wands
 c - a wand of heal wounds (4/9)
Scrolls
 j - a scroll of blinking
Potions
 e - a potion of curing
 g - a potion of haste
 h - 2 potions of magic
 i - a potion of berserk rage
Comestibles
 d - a bread ration
 k - 4 chunks of flesh


   Skills:
 + Level 10.4 Fighting
 + Level 11.8 Axes
 + Level 6.5 Armour
 + Level 8.2 Dodging
 + Level 1.1 Evocations


You had 7 spell levels left.
You didn't know any spells.

Dungeon Overview and Level Annotations

Branches:
Dungeon (1/1)

Altars:
Elyvilon
Fedhas
Gozag
Kikubaaqudgha
Nemelex Xobeh
Okawaru
Pakellas
Qazlal
Ru
Sif Muna
Vehumet
Xom
Beogh

Shops:
D [=:(:%?%[=!?}(!*

Annotations:
D exclusion: oklob plant


Innate Abilities, Weirdness & Mutations

You are resistant to damage.
You can recharge devices by infusing magical energy.
You passively map a small area around you.
You do not regenerate naturally.


Message History

You take 1 damage, and have 23/130 hp.
Unknown command.
Unknown command.
You hit the spiny frog.
The spiny frog is almost dead.
You hit the polar bear.
The polar bear is almost dead.
You hit the wasp.
The wasp is moderately wounded.
Your skin stops crawling.
You feel less resistant to hostile enchantments.
You feel sick. The wasp stings you!
* * * LOW HITPOINT WARNING * * *
You suddenly lose the ability to move!
The polar bear bites you!
* * * LOW HITPOINT WARNING * * *
The polar bear completely misses you.
The polar bear claws you but does no damage.
* * * LOW HITPOINT WARNING * * *
You feel sick. The spiny frog stings you.
You die...

§§§;;;; , , +++#§§'## **
,.. , *,,* * .. §≈.≈# + ..
,* , ≈# #..# *#. *, * , ##
* ##.#### +.###* , #.#
#.#....#,, ...# * # .#.
###..#####..#* , *
###'###.##..#[.F..#, **
.##.##...#..#,,#@.# #*
.'.<.'##.'..####yh##.#
.##.##.###....###.c.##▓▓* *
###)###.##......≈≈≈≈≈≈≈≈≈
##.#.####≈≈.....≈#+######**
* ,
#..#..#≈≈≈§≈÷≈..≈#....._.
###.###≈≈≈≈≈≈≈≈.≈#...._._,
* ≈##+##≈≈≈≈≈≈§§≈≈≈#..._._.
≈≈≈≈≈≈≈≈§≈≈≈≈§§≈≈#.._._._


You could see a polar bear (berserk), a yaktaur, a spiny frog and a wasp.

Vanquished Creatures
  A siren (D)
  A spiny frog (D)
  2 hippogriffs (D)
  A crocodile (D)
  4 worker ants (D)
  3 worms (D)
12 creatures vanquished.

Vanquished Creatures (others)
  Menkaure (D)
  A crocodile (D)
2 creatures vanquished.

Grand Total: 14 creatures vanquished

Notes
Turn   | Place    | Note
--------------------------------------------------------------
     0 | D        | pipel the Deep Dwarf Berserker began the quest for the Orb.
     0 | D        | Reached XP level 1. HP: 20/20 MP: 1/1
     1 | D        | Noticed a worker ant
     1 | D        | Noticed a worker ant
     1 | D        | Noticed a worker ant
     1 | D        | Noticed a worker ant
     4 | D        | Killed a worker ant
     4 | D        | Reached skill level 4 in Fighting
     4 | D        | Reached skill level 5 in Axes
     4 | D        | Reached XP level 2. HP: 30/30 MP: 2/2
    10 | D        | Reached XP level 3. HP: 37/37 MP: 3/3
    12 | D        | Reached ** piety under Trog
    12 | D        | Reached skill level 5 in Fighting
    12 | D        | Reached skill level 6 in Axes
    12 | D        | Reached XP level 4. HP: 46/46 MP: 4/4
    24 | D        | Killed a crocodile
    61 | D        | Killed Menkaure
    72 | D        | Reached *** piety under Trog
    75 | D        | Reached skill level 7 in Axes
   112 | D        | Noticed a hippogriff
   112 | D        | Noticed a hippogriff
   118 | D        | Killed a hippogriff
   118 | D        | Reached skill level 8 in Axes
   118 | D        | Reached skill level 5 in Dodging
   118 | D        | Reached XP level 5. HP: 54/57 MP: 5/5
   122 | D        | Killed a hippogriff
   122 | D        | Reached **** piety under Trog
   122 | D        | Reached skill level 9 in Axes
   122 | D        | Reached skill level 5 in Armour
   122 | D        | Reached XP level 6. HP: 57/68 MP: 6/6
   172 | D        | Noticed a siren
   225 | D        | Killed a siren
   225 | D        | Reached skill level 11 in Axes
   225 | D        | Reached XP level 7. HP: 32/78 MP: 7/7
   234 | D        | Found Joij's Antique Weapon Shop.
   234 | D        | Found Mijaj's Jewellery Boutique.
   234 | D        | Found Buahurime's General Store.
   234 | D        | Found Majot's Distillery.
   234 | D        | Found Xudomialan's Gadget Boutique.
   234 | D        | Found Moddac's Distillery.
   235 | D        | Found Qeniqo's Magic Scroll Shop.
   235 | D        | Found Ecri Weg's Antique Armour Boutique.
   235 | D        | Found Qouloyclipewk's Food Shop.
   236 | D        | Found Emygix's Magic Scroll Shop.
   236 | D        | Found Isip's Food Boutique.
   236 | D        | Noticed a hippogriff
   237 | D        | Noticed a hippogriff
   238 | D        | Found Fefadase's Book Boutique.
   238 | D        | Found Orgheaj's Antique Weapon Shop.
   238 | D        | Noticed a hippogriff
   238 | D        | Noticed an oklob plant
   239 | D        | Found Ugryn's Jewellery Shop.
   239 | D        | Found Vemiffas's Antique Armour Boutique.
   239 | D        | Found Sorif's Book Shoppe.
   240 | D        | Noticed a death yak
   246 | D        | Reached skill level 10 in Fighting
   261 | D        | Noticed an iron elemental
   267 | D        | Bought a shimmering helmet for 190 gold pieces
   272 | D        | Identified the cursed +0 helmet of Yredelemnul's Wrath {+Blink MR++ rCorr MP+9} (You bought it in a shop in the Dungeon)
   308 | D        | Noticed a flying skull
   308 | D        | Noticed a flying skull
   308 | D        | Noticed a flying skull
   308 | D        | Noticed a flying skull
   309 | D        | Noticed a flying skull
   309 | D        | Noticed a flying skull
   310 | D        | Noticed a flying skull
   310 | D        | Noticed a flying skull
   310 | D        | Noticed a flying skull
   310 | D        | Noticed a flying skull
   310 | D        | Noticed a flying skull
   321 | D        | Noticed a flying skull
   354 | D        | Found a blossoming altar of Fedhas.
   355 | D        | Found a deep blue altar of Sif Muna.
   356 | D        | Found a shimmering altar of Xom.
   356 | D        | Found a stormy altar of Qazlal.
   356 | D        | Found a sacrificial altar of Ru.
   357 | D        | Found an ancient bone altar of Kikubaaqudgha.
   357 | D        | Found a roughly hewn altar of Beogh.
   357 | D        | Found a white marble altar of Elyvilon.
   358 | D        | Found a sparkling altar of Nemelex Xobeh.
   358 | D        | Found an iron altar of Okawaru.
   358 | D        | Found an oddly glowing altar of Pakellas.
   359 | D        | Found a radiant altar of Vehumet.
   359 | D        | Found an opulent altar of Gozag.
   364 | D        | Noticed a spiny frog
   365 | D        | Noticed a spiny frog
   366 | D        | Noticed a polar bear
   370 | D        | Killed a spiny frog
   370 | D        | Reached skill level 1 in Evocations
   370 | D        | Reached XP level 8. HP: 87/87 MP: 7/7
   380 | D        | Noticed a yaktaur
   382 | D        | Paralysed by a wasp for 2 turns
   382 | D        | HP: 4/130 [polar bear (12)]
   383 | D        | Slain by a spiny frog

Vault maps used:
D:        the_violet_keep_of_menkaure

Action                   |  1- 3 |  4- 6 |  7- 9 || total
-------------------------+-------+-------+-------++-------
Melee: Hand axe          |    10 |    63 |    20 ||    93
Invok: Berserk           |     1 |     2 |     2 ||     5
       Trog's Hand       |       |     2 |     1 ||     3
 Abil: Device Recharging |       |       |     1 ||     1
Evoke: Wand              |       |       |     5 ||     5
  Use: Potion            |       |     1 |       ||     1
  Eat: Chunk             |       |     1 |     2 ||     3
